 Dungeon Crawl Stone Soup version 0.27.1-34-g3ba077fa99 (webtiles) character file.

Game seed: 5327509532522287167

15390 belegose the Prestidigitator (level 12, -15/121 HPs)
             Began as a Gnoll Artificer on Jan 4, 2022.
             Was an Elder of Hepliaklqana.
             Demolished by an ogre (27 damage)
             ... on level 1 of the Orcish Mines on Jan 5, 2022.
             The game lasted 01:07:57 (16888 turns).

belegose the Prestidigitator (Gnoll Artificer)     Turns: 16888, Time: 01:07:58

Health: -15/121    AC:  8    Str: 20    XL:     12   Next: 26%
Magic:  22/22      EV: 13    Int: 16    God:    Hepliaklqana [****..]
Gold:   878        SH: 11    Dex: 13    Spells: 23/25 levels left

rFire    . . .     SeeInvis .   a - +8 flail of Prudence {elec, rPois rC- Int+3}
rCold    x . .     Faith    .   L - +0 kite shield
rNeg     . . .     Spirit   .   U - +0 troll leather armour
rPois    +         Reflect  .   (no helmet)
rElec    .         Harm     .   T - scarf {repulsion}
rCorr    .         Rampage  .   u - +0 pair of gloves
Will     .....                  J - +0 pair of boots
Stlth    ..........             (no amulet)
HPRegen  1.30/turn              P - +6 ring of strength
MPRegen  0.18/turn              M - ring of wizardry

@: berserking, repel missiles, very quick
A: reduced essence, fangs 1, strong nose, distributed training
a: Renounce Religion, Recall Ancestor, Ancestor Identity, Transference, Idealise


You were on level 1 of the Orcish Mines.
You worshipped Hepliaklqana.
Hepliaklqana was greatly pleased with you.
You visited 4 branches of the dungeon, and saw 16 of its levels.
You also visited: Ossuary.

You collected 1014 gold pieces.
You spent 136 gold pieces at shops.

Inventory:

Hand Weapons
 a - the +8 flail of Prudence (weapon) {elec, rPois rC- Int+3}
   (You bought it in a shop on level 8 of the Dungeon)

   It occasionally discharges a powerful burst of electricity upon striking a
   foe.
   Int:       It affects your intelligence (+3).
   rC:        It makes you vulnerable to cold.
   rPois:     It protects you from poison.
 b - a +0 hunting sling
 w - the +6 hand axe of the Warrior-Mage {flame, rN+}
   (You found it on level 5 of the Dungeon)

   It burns those it strikes, dealing additional fire damage.
   Big, fiery blades are also staple armaments of hydra-hunters.
   rN:        It protects you from negative energy.
Missiles
 g - 467 stones
 l - 54 poisoned darts (quivered)
 m - 58 sling bullets
 r - a throwing net
 v - 170 bolts
Armour
 u - a +0 pair of gloves (worn)
 y - a +0 leather armour of fire resistance
 J - a +0 pair of boots (worn)
 L - a +0 kite shield (worn)
 T - a scarf of repulsion (worn)
 U - a +0 troll leather armour (worn)
Jewellery
 j - a ring of resist corrosion
 M - a ring of wizardry (right hand)
 P - a +6 ring of strength (left hand)
Wands
 d - a wand of charming (2)
 I - a wand of acid (6)
 O - a wand of flame (19)
Scrolls
 f - 3 scrolls of teleportation
 i - 2 scrolls of holy word {unknown}
 o - 2 scrolls of enchant armour
 q - 2 scrolls of enchant weapon {unknown}
 s - 3 scrolls of magic mapping {unknown}
 t - 2 scrolls of immolation {unknown}
 x - a scroll of summoning {unknown}
 A - 3 scrolls of noise {unknown}
 C - a scroll of silence {unknown}
 D - a scroll of amnesia {unknown}
 E - 2 scrolls of vulnerability {unknown}
 K - a scroll of fog {unknown}
 N - 2 scrolls of fear {unknown}
 Q - 4 scrolls of torment {unknown}
 V - a scroll of brand weapon {unknown}
Potions
 c - 3 potions of magic
 h - 3 potions of mutation
 k - 2 potions of heal wounds
 n - 12 potions of curing
 z - 4 potions of flight
 B - 3 potions of haste
 F - a potion of resistance
 G - 2 potions of lignification
 R - a potion of ambrosia
 W - a potion of might
Miscellaneous
 e - a piece from Xom's chessboard (15/15)


   Skills:
 + Level 7.6 Fighting
 + Level 7.1 Short Blades
 + Level 7.1 Long Blades
 + Level 7.1 Axes
 + Level 7.1 Maces & Flails
 + Level 7.1 Polearms
 + Level 7.1 Staves
 + Level 7.1 Slings
 + Level 7.1 Bows
 + Level 7.1 Crossbows
 + Level 7.1 Throwing
 + Level 8.5 Armour
 + Level 7.6 Dodging
 + Level 7.5 Stealth
 + Level 7.1 Shields
 + Level 7.1 Unarmed Combat
 + Level 7.1 Spellcasting
 + Level 5.9 Conjurations
 + Level 5.9 Hexes
 + Level 5.9 Summonings
 + Level 5.9 Necromancy
 + Level 5.9 Translocations
 + Level 5.9 Transmutations
 + Level 5.9 Fire Magic
 + Level 5.9 Ice Magic
 + Level 5.9 Air Magic
 + Level 5.9 Earth Magic
 + Level 5.9 Poison Magic
 + Level 7.8 Invocations
 + Level 9.7 Evocations


You had 23 spell levels left.
You knew the following spells:

 Your Spells              Type           Power      Damage    Failure   Level
a - Poisonous Vapours     Pois/Air       48%        N/A       2%          2

Your spell library contained the following spells:

 Spells                   Type           Power      Damage    Failure   Level
 Pain                     Necr           96%        1d8       1%          1
 Sting                    Tmut/Pois      96%        1d7       1%          1
 Animate Dead             Necr           12%        N/A       14%         4
 Olgreb's Toxic Radiance  Pois           24%        N/A       14%         4
 Agony                    Necr           24%        N/A       34%         5
 Borgnjor's Vile Clutch   Necr/Erth      12%        N/A       34%         5
 Excruciating Wounds      Necr           12%        N/A       34%         5
 Death Channel            Necr           12%        N/A       88%         6


Dungeon Overview and Level Annotations

Branches:
Dungeon (11/15)            Temple (1/1) D:5            Lair (2/6) D:9
    Orc (2/2) D:9             Elf (0/3) Orc:2       Ossuary (visited)
  Swamp: Lair:2-4    Shoals: Lair:2-4     Snake: Lair:2-4    Spider: Lair:2-4

Altars:
Ashenzari
Cheibriados
Dithmenos
Elyvilon
Fedhas
Gozag
Hepliaklqana
Kikubaaqudgha
Makhleb
Nemelex Xobeh
Okawaru
Qazlal
Ru
Sif Muna
Trog
Uskayaw
Vehumet
Wu Jian
Xom
Yredelemnul
Zin
The Shining One

Shops:
D:8 (

Annotations:
D:10 exclusion: hexer
Lair:1 exclusion: downstairs
Orc:1 Erolcha


Innate Abilities, Weirdness & Mutations

Your life essence is reduced to manifest your ancestor. (-10% HP)
You have very sharp teeth.
Your uncanny sense of smell can sniff out nearby items.
Your experience applies equally to all skills.


Message History

You swap places.
There is a stone staircase leading up, spattered with blood here.
What are your orders? t - Bark!
Orders for allies: a - Attack new target. r - Retreat! s - Stop attacking. g - Guard the area. f - Follow me.
Anything else - Cancel.
Retreat in which direction?
Press: ? - help, Dir - move target Fall back!
You climb upwards.
Level annotation: Erolcha The ogre hits you with a +0 giant spiked club!!
* * * LOW HITPOINT WARNING * * *
You block the orc warrior's attack. The orc hits you but does no damage.
You block the orc's attack. You block the orc warrior's attack.
The ogre barely misses you. The orc closely misses you.
You block the orc's attack.
There is a stone staircase leading down, spattered with blood here.
Okay, then.
You feel much better.
The orc priest calls down the wrath of Beogh upon you.
Beogh smites you!
The orc warrior hits you with a +0 battleaxe!
* * * LOW HITPOINT WARNING * * *
You block the orc's attack. x2
Unknown command.
A red film seems to cover your vision as you go berserk!
You feel yourself moving faster!
You feel mighty! The ogre closely misses you.
The orc priest invokes the aid of Beogh against you.
Beogh smites you!
* * * LOW HITPOINT WARNING * * *
The orc warrior hits you with a +0 battleaxe!
* * * LOW HITPOINT WARNING * * *
The orc hits you but does no damage. The orc barely misses you.
You thump the ogre!
The ogre is moderately wounded.
The ogre hits you with a +0 giant spiked club!!
You die...

#..#...... ..
....#....# ...
#..#.....###...
..........#.#..
...............
......$........
........o.o....
.......@o......
......O.o......
...............
#..............
##.##.##.......
# ## #######


You could see an orc warrior, an ogre, an orc priest and 2 orcs.

Vanquished Creatures
  3 hydras (Lair:1)
  Erica (D:10)
  An orc knight (D:8)
  2 black mambas (Lair:1)
  A cane toad (Lair:1)
  A gargoyle (D:9)
  A komodo dragon (Lair:1)
  A rime drake (Lair:1)
  4 blink frogs
  10 yaks
  2 wyverns
  2 wraiths
  Grum (D:10)
  A steam dragon (D:8)
  A vampire mosquito (D:10)
  5 water moccasins
  A sky beast (D:8)
  2 ice beasts
  3 black bears
  6 orc warriors
  A necrophage (D:5)
  4 ogres
  3 centaurs (D:10)
  A phantom (D:5)
  2 kobold brigands
  10 bullfrogs
  A gnoll sergeant (D:10)
  A scorpion (D:9)
  2 howler monkeys
  A centaur zombie (D:9)
  2 bullfrog zombies (D:5)
  A jelly (D:4)
  A bullfrog skeleton (D:6)
  6 orc priests
  3 iguanas
  5 orc wizards
  7 mummies (Ossuary)
  7 gnolls
  7 adders
  A shadow imp (D:5)
  An adder skeleton (D:5)
  A worm (D:2)
  A dart slug (D:1)
  30 orcs
  6 bats
  5 endoplasms (D:2)
  3 giant cockroaches
  6 goblins
  5 hobgoblins
  A jackal (D:2)
  4 quokkas
  6 ball pythons
  6 frilled lizards
  A gnoll zombie (Ossuary)
  3 hobgoblin zombies (Ossuary)
  14 kobolds
  2 kobold zombies (Ossuary)
  2 orc zombies (Ossuary)
  7 rats
219 creatures vanquished.

Vanquished Creatures (collateral kills)
  A hydra (D:9)
  A troll (D:9)
  2 yaks (Lair:1)
  Menkaure (D:5)
  2 water moccasins (Lair:1)
  6 orc warriors
  2 ogres
  2 wolves (D:10)
  3 bullfrogs
  A scorpion (D:4)
  2 bullfrog zombies
  2 hounds (D:5)
  A gnoll shaman (Orc:1)
  4 orc priests
  A jelly (D:5)
  An iguana (D:7)
  5 orc wizards
  3 gnolls
  A white imp (D:6)
  13 orcs
  A jackal (D:2)
  3 kobolds (D:9)
58 creatures vanquished.

Vanquished Creatures (others)
  A black bear (D:5)
  An orc (D:4)
  6 hexers
  A mummy (Ossuary)
  An ancestor (D:5)
  8 fungi
  12 plants (D:9)
30 creatures vanquished.

Grand Total: 307 creatures vanquished

Notes
Turn   | Place    | Note
-------+----------+-------------------------------------------
     0 | D:1      | belegose the Gnoll Artificer began the quest for the Orb.
     0 | D:1      | Reached XP level 1. HP: 17/17 MP: 1/1
   390 | D:1      | Reached XP level 2. HP: 6/23 MP: 2/2
  1439 | D:1      | Found a faded altar of an unknown god.
  1489 | D:1      | Reached XP level 3. HP: 26/28 MP: 3/3
  1991 | D:2      | Reached skill level 1 in Invocations
  2368 | D:2      | Reached skill level 1 in Short Blades
  2368 | D:2      | Reached skill level 1 in Long Blades
  2368 | D:2      | Reached skill level 1 in Axes
  2368 | D:2      | Reached skill level 1 in Maces & Flails
  2368 | D:2      | Reached skill level 1 in Polearms
  2368 | D:2      | Reached skill level 1 in Staves
  2368 | D:2      | Reached skill level 1 in Slings
  2368 | D:2      | Reached skill level 1 in Bows
  2368 | D:2      | Reached skill level 1 in Crossbows
  2368 | D:2      | Reached skill level 1 in Throwing
  2368 | D:2      | Reached skill level 1 in Shields
  2368 | D:2      | Reached skill level 1 in Unarmed Combat
  2368 | D:2      | Reached skill level 1 in Spellcasting
  2487 | D:2      | Reached XP level 4. HP: 23/34 MP: 5/5
  3248 | D:2      | Reached skill level 1 in Conjurations
  3248 | D:2      | Reached skill level 1 in Hexes
  3248 | D:2      | Reached skill level 1 in Summonings
  3248 | D:2      | Reached skill level 1 in Necromancy
  3248 | D:2      | Reached skill level 1 in Translocations
  3248 | D:2      | Reached skill level 1 in Transmutations
  3248 | D:2      | Reached skill level 1 in Fire Magic
  3248 | D:2      | Reached skill level 1 in Ice Magic
  3248 | D:2      | Reached skill level 1 in Air Magic
  3248 | D:2      | Reached skill level 1 in Earth Magic
  3248 | D:2      | Reached skill level 1 in Poison Magic
  3627 | D:3      | Reached XP level 5. HP: 40/40 MP: 6/6
  4551 | D:4      | Found a hazy altar of Hepliaklqana.
  4572 | D:4      | Became a worshipper of Hepliaklqana the Forgotten
  5049 | D:4      | Found a burning altar of Makhleb.
  5123 | D:4      | Reached XP level 6. HP: 47/47 MP: 8/8
  5283 | D:5      | Entered Level 5 of the Dungeon
  5321 | D:5      | Reached skill level 5 in Armour
  5363 | D:5      | Found a sand-covered staircase.
  5379 | Ossuary  | Entered an ossuary
  6493 | D:5      | Noticed Menkaure
  6892 | D:5      | Reached skill level 7 in Evocations
  6892 | D:5      | Reached XP level 7. HP: 52/52 MP: 10/10
  7269 | D:6      | Reached * piety under Hepliaklqana
  7283 | D:5      | Killed Menkaure
  7454 | D:5      | Reached XP level 8. HP: 54/54 MP: 12/12
  7475 | D:5      | Found a bloodstained altar of Trog.
  7615 | D:5      | Identified the +6 hand axe of the Warrior-Mage {flame, rN+}
  7905 | D:5      | Found a staircase to the Ecumenical Temple.
  7912 | Temple   | Entered the Ecumenical Temple
  9337 | D:7      | Reached ** piety under Hepliaklqana
  9338 | D:7      | Remembered your ancestor Duaenre as a hexer
  9631 | D:7      | Reached XP level 9. HP: 51/59 MP: 14/14
 10492 | D:8      | Reached skill level 5 in Fighting
 10492 | D:8      | Reached skill level 5 in Dodging
 10786 | D:8      | Reached skill level 5 in Stealth
 10893 | D:8      | Found Roskoim's Antique Weapon Boutique.
 10916 | D:8      | Bought a polished flail for 136 gold pieces
 10916 | D:8      | Identified the +8 flail of Prudence {elec, rPois rC- Int+3}
                  | (You bought it in a shop on level 8 of the Dungeon)
 11122 | D:8      | Reached skill level 8 in Evocations
 11449 | D:7      | Reached skill level 5 in Invocations
 11705 | D:9      | Reached *** piety under Hepliaklqana
 11765 | D:9      | Found a staircase to the Lair.
 11771 | D:9      | Reached XP level 10. HP: 56/66 MP: 17/17
 11899 | D:9      | Found a staircase to the Orcish Mines.
 12117 | D:9      | Noticed a gargoyle
 12146 | D:9      | Killed a gargoyle
 12147 | D:9      | Reached skill level 5 in Short Blades
 12147 | D:9      | Reached skill level 5 in Long Blades
 12147 | D:9      | Reached skill level 5 in Axes
 12147 | D:9      | Reached skill level 5 in Maces & Flails
 12147 | D:9      | Reached skill level 5 in Polearms
 12147 | D:9      | Reached skill level 5 in Staves
 12147 | D:9      | Reached skill level 5 in Slings
 12147 | D:9      | Reached skill level 5 in Bows
 12147 | D:9      | Reached skill level 5 in Crossbows
 12147 | D:9      | Reached skill level 5 in Throwing
 12147 | D:9      | Reached skill level 5 in Shields
 12147 | D:9      | Reached skill level 5 in Unarmed Combat
 12147 | D:9      | Reached skill level 5 in Spellcasting
 13006 | D:9      | You fall into a shaft and drop 2 floors!
 13217 | D:10     | Entered Level 10 of the Dungeon
 13364 | Lair:1   | Entered Level 1 of the Lair of Beasts
 13364 | Lair:1   | Noticed a seven-headed hydra
 13379 | D:9      | Killed a seven-headed hydra
 13583 | D:9      | Reached XP level 11. HP: 72/74 MP: 19/19
 13676 | Lair:1   | Noticed an eight-headed hydra
 13684 | Lair:1   | Killed an eight-headed hydra
 13685 | Lair:1   | Reached skill level 5 in Conjurations
 13685 | Lair:1   | Reached skill level 5 in Hexes
 13685 | Lair:1   | Reached skill level 5 in Summonings
 13685 | Lair:1   | Reached skill level 5 in Necromancy
 13685 | Lair:1   | Reached skill level 5 in Translocations
 13685 | Lair:1   | Reached skill level 5 in Transmutations
 13685 | Lair:1   | Reached skill level 5 in Fire Magic
 13685 | Lair:1   | Reached skill level 5 in Ice Magic
 13685 | Lair:1   | Reached skill level 5 in Air Magic
 13685 | Lair:1   | Reached skill level 5 in Earth Magic
 13685 | Lair:1   | Reached skill level 5 in Poison Magic
 13685 | Lair:1   | Reached skill level 9 in Evocations
 13860 | Lair:1   | Noticed a four-headed hydra
 13869 | Lair:1   | Killed a four-headed hydra
 13916 | Lair:1   | Noticed an eight-headed hydra
 13925 | Lair:1   | Killed an eight-headed hydra
 14468 | Lair:2   | Noticed a five-headed hydra
 14498 | Lair:2   | Reached **** piety under Hepliaklqana
 14677 | Lair:1   | Learned a level 2 spell: Poisonous Vapours
 14745 | Orc:1    | Entered Level 1 of the Orcish Mines
 15008 | Orc:1    | Noticed Erolcha
 15028 | Orc:2    | Entered Level 2 of the Orcish Mines
 15131 | Orc:2    | Noticed an orc knight
 15354 | D:10     | Noticed Erica
 15361 | D:10     | Noticed Grum
 15368 | D:10     | HP: 2/75 [Grum (2)]
 15374 | D:10     | Reached XP level 12. HP: 31/81 MP: 22/22
 15374 | D:10     | Killed Erica
 15835 | D:10     | Found a sparkling altar of Nemelex Xobeh.
 15835 | D:10     | Found an ornate altar of the Wu Jian Council.
 15843 | D:10     | Found a sacrificial altar of Ru.
 15845 | D:10     | Found an ancient bone altar of Kikubaaqudgha.
 15847 | D:10     | Found a faded altar of an unknown god.
 16181 | D:10     | Killed Grum
 16335 | D:11     | Noticed a two-headed ogre
 16711 | Orc:2    | Found a staircase to the Elven Halls.
 16888 | Orc:1    | Demolished by an ogre

Illustrated notes

Levels and vault maps discovered:
D:1:      lemuel_arrival_lava_pool, layout_loops_ring,
          shapermc_ecumenical_altar_notcrosses, minivault_5,
          kennysheep_another_room, minmay_pentomino_w4
D:2:      layout_basic, chequers_serial_rivers_marsh
D:3:      layout_loops_cross, kennysheep_potato
D:4:      layout_basic, nicolae_hepliaklqana_hazy_memory, lightli_temple_of_fire
D:5:      layout_gridville, trog_ov_bears_minmay,
          minmay_temple_entry_metal_lava, enter_ossuary_2, uniq_menkaure
D:6:      layout_basic
D:7:      layout_basic
D:8:      layout_basic, serial_shops, shop, serial_park_tiny_2
D:9:      layout_grid_maze, grunt_lair_entry_orc_guard_hut, david_orc_2
D:10:     layout_stronghold, chequers_temple_overflow_minitemple, uniq_erica,
          uniq_grum
D:11:     layout_rooms, pond
Temple:   minmay_freezing_vapour_temple
Lair:1:   layout_chaotic_city
Lair:2:   layout_chaotic_city, patterned_corridor, uniq_sonja
Orc:1:    layout_caves, led_sif_book, uniq_erolcha
Orc:2:    st_orc_pillars, layout_caves

Skill      XL: |  1  2  3  4  5  6  7  8  9 10 11 12 |
---------------+-------------------------------------+-----
Invocations    | 1 2 3 4 5 6 7 |  7.8
Short Blades   | 1 2 3 4 5 6 7 |  7.1
Long Blades    | 1 2 3 4 5 6 7 |  7.1
Axes           | 1 2 3 4 5 6 7 |  7.1
Maces & Flails | 1 2 3 4 5 6 7 |  7.1
Polearms       | 1 2 3 4 5 6 7 |  7.1
Staves         | 1 2 3 4 5 6 7 |  7.1
Slings         | 1 2 3 4 5 6 7 |  7.1
Bows           | 1 2 3 4 5 6 7 |  7.1
Crossbows      | 1 2 3 4 5 6 7 |  7.1
Throwing       | 1 2 3 4 5 6 7 |  7.1
Shields        | 1 2 3 4 5 6 7 |  7.1
Unarmed Combat | 1 2 3 4 5 6 7 |  7.1
Spellcasting   | 1 2 3 4 5 6 7 |  7.1
Conjurations   | 1 2 3 4 5 |  5.9
Hexes          | 1 2 3 4 5 |  5.9
Summonings     | 1 2 3 4 5 |  5.9
Necromancy     | 1 2 3 4 5 |  5.9
Translocations | 1 2 3 4 5 |  5.9
Transmutations | 1 2 3 4 5 |  5.9
Fire Magic     | 1 2 3 4 5 |  5.9
Ice Magic      | 1 2 3 4 5 |  5.9
Air Magic      | 1 2 3 4 5 |  5.9
Earth Magic    | 1 2 3 4 5 |  5.9
Poison Magic   | 1 2 3 4 5 |  5.9
Fighting       | 3 4 5 6 7 |  7.6
Dodging        | 3 4 5 6 7 |  7.6
Stealth        | 3 4 5 6 7 |  7.5
Armour         | 5 6 7 8 |  8.5
Evocations     | 7 8 9 |  9.7

Action                   |  1- 3 |  4- 6 |  7- 9 | 10-12 || total
-------------------------+-------+-------+-------+-------++-------
Melee: Dagger            |   113 |     2 |       |       ||   115
       Club              |     4 |       |       |       ||     4
       Bite              |    16 |    13 |    15 |    26 ||    70
       Mace              |    17 |    96 |    21 |       ||   134
       Trident           |       |    24 |       |       ||    24
       Hand axe          |       |       |    95 |     5 ||   100
       Punch             |       |       |     2 |       ||     2
       Flail             |       |       |    30 |   266 ||   296
 Fire: Hunting sling     |    18 |   161 |    47 |     7 ||   233
Throw: Throwing net      |       |     1 |       |       ||     1
       Dart              |       |       |       |    13 ||    13
 Cast: Poisonous Vapours |       |       |       |    21 ||    21
Invok: Ancestor Life: He |       |       |     1 |       ||     1
       Recall Ancestor   |       |       |       |     7 ||     7
Evoke: Wand              |     9 |    14 |     2 |    16 ||    41
       Piece from Xom's  |       |       |       |     2 ||     2
  Use: Scroll            |     1 |     7 |     4 |     4 ||    16
       Potion            |       |       |     1 |     6 ||     7
 Stab: Sleeping          |     6 |     2 |     4 |     5 ||    17
       Held in net/web   |       |     2 |       |       ||     2
       Distracted        |       |       |     1 |     2 ||     3
       Confused          |       |       |     1 |     7 ||     8
       Petrified         |       |       |       |     2 ||     2
Armor: Leather armour    |    35 |    22 |    20 |     9 ||    86
       Ring mail         |       |     7 |    19 |       ||    26
       Troll leather arm |       |       |       |    59 ||    59
Dodge: Dodged            |   118 |    75 |    74 |   152 ||   419
       Repelled          |       |       |       |     1 ||     1
Block: Kite shield       |       |       |    21 |   166 ||   187
